 Dungeon Crawl Stone Soup version 0.13.0-29-gdb529de (webtiles) character file.

5570 Lilouch the Protected (level 10, -4/50 HPs)
             Began as a Deep Elf Fire Elementalist on Nov 9, 2013.
             Was a Believer of Kikubaaqudgha.
             Slain by a seven-headed hydra (9 damage)
             ... on Level 2 of the Lair of Beasts on Nov 10, 2013.
             The game lasted 01:43:25 (12803 turns).

Lilouch the Protected (Deep Elf Fire Elementalist) Turns: 12803, Time: 01:43:27

HP  -4/50        AC  5     Str  5      XL: 10   Next: 36%
MP  14/28        EV 12     Int 24      God: Kikubaaqudgha [**....]
Gold 313         SH  0     Dex 16      Spells:  6 memorised,  6 levels left

Res.Fire  : + . .   See Invis. : .   e - +0 sling
Res.Cold  : . . .   Warding    : .   a - +0 elf robe
Life Prot.: . . .   Conserve   : .   (no shield)
Res.Poison: .       Res.Corr.  : +   z - +0 helmet
Res.Elec. : .       Clarity    : .   R - +0 cloak
Sust.Abil.: . .     Spirit.Shd : .   K - +0 pair of elf gauntlets
Res.Mut.  : .       Stasis     : .   n - -3 pair of boots of Foaqeline {rF+ Dex+1}
Res.Rott. : .       Flight     : .   J - amulet of resist corrosion
Saprovore : . . .                    (no ring)
                                     (no ring)

@: drained, somewhat resistant to hostile enchantments, fairly stealthy
A: no striking features
a: Receive Corpses, Renounce Religion


You were on level 2 of the Lair of Beasts.
You worshipped Kikubaaqudgha.
Kikubaaqudgha was pleased with you.
You were very hungry.

You visited 3 branches of the dungeon, and saw 12 of its levels.

You collected 329 gold pieces.
You spent 36 gold pieces at shops.

Inventory:

Hand weapons
 d - a +2 blowgun
 e - a +0,+0 sling (weapon)
 M - a +2,+2 spear of venom
Missiles
 f - 7 javelins of penetration
 C - 9 sling bullets of frost
 G - 29 sling bullets (quivered)
 U - 8 poisoned needles
Armour
 a - a +0 elven robe (worn)
 n - the cursed -3 pair of boots of Foaqeline (worn) {rF+ Dex+1}
   (You found it on level 7 of the Dungeon)

   It affects your dexterity (+1).
   It protects you from fire.
   It has a curse placed upon it.
 z - a +0 helmet (worn)
 K - a +0 pair of elven gauntlets (worn)
 L - a +0 pair of orcish boots
 R - a +0 cloak (worn)
Magical devices
 H - a wand of confusion (5)
Comestibles
 c - 3 bread rations
 o - a meat ration
Scrolls
 y - 3 scrolls of fear
Jewellery
 g - an uncursed amulet of clarity {unknown}
 J - an amulet of resist corrosion (around neck)
Potions
 b - a potion of poison {unknown}
 v - a potion of heal wounds
 F - 5 potions of curing


   Skills:
 - Level 9.9(8.6) Armour
 - Level 2.4(1.4) Dodging
 - Level 2.4(1.4) Stealth
 + Level 7.6(6.4) Spellcasting
 + Level 6.6(5.4) Conjurations
 + Level 6.7(5.5) Fire Magic


You had 6 spell levels left.
You knew the following spells:

 Your Spells              Type           Power        Failure   Level  Hunger
a - Flame Tongue          Conj/Fire      ####.        1%          1    None
b - Conjure Flame         Conj/Fire      ####....     2%          3    #......
c - Throw Flame           Conj/Fire      ####..       1%          2    None
d - Sticky Flame          Conj/Fire      ####....     10%         4    ###....
e - Fireball              Conj/Fire      ####......   24%         5    ####...
f - Vampiric Draining     Necr           #.........   24%         3    #......


Dungeon Overview and Level Annotations

Branches:
Dungeon (9/27)             Temple (1/1) D:5             Orc (0/4) D:8
   Lair (2/8) D:8

Altars:
Ashenzari
Fedhas
Kikubaaqudgha
Nemelex Xobeh
Sif Muna
Trog
Vehumet

Shops:
D:4 [


Message History

Casting: Flame Tongue
Confirm with . or Enter, or press ? or * to list all spells.
Aiming: Sticky Flame
Press: ? - help, Shift-Dir - straight line, f/p - seven-headed hydra
Aim: a seven-headed hydra (flame, heavily wounded)
The sticky flame hits the seven-headed hydra.
The seven-headed hydra is severely wounded.
The seven-headed hydra is covered in liquid flames!
The seven-headed hydra burns!
The seven-headed hydra is engulfed in roaring flames.
The seven-headed hydra bites you! The seven-headed hydra bites you.
The seven-headed hydra bites you!
The seven-headed hydra barely misses you.
The seven-headed hydra bites you.
* * * LOW HITPOINT WARNING * * *
The seven-headed hydra bites you.
* * * LOW HITPOINT WARNING * * *
The seven-headed hydra bites you!
You die...
Kikubaaqudgha rasps: "You have failed me!
Welcome... death!"

##P..P........#
######...............
####.##.#.....%<........
##.......................
#......................#
##............f####.....
##................ ....#
#........#.##f..... ...
##......@D§........ .
#.......#.........
##.#######.....### ###
.....# ....... ....#..
.P#... ..... ...


You could see a seven-headed hydra (burning).

Vanquished Creatures
  The ghost of Zapata the Covert, an experienced KoBe of Trog (D:8)
  Pikel (D:7)
  A spiny frog (Lair:2)
  The ghost of LostMyPasswordAgain the Ruinous, an experienced DEWz (D:5)
  3 blink frogs (Lair:1)
  A wyvern (D:8)
  A deep elf fighter (D:8)
  2 yaks (D:8)
  An orc warrior (D:7)
  A sky beast (D:8)
  An ice beast (D:6)
  2 ogres
  2 centaurs
  A phantom (D:5)
  Sigmund (D:2)
  A crocodile (Lair:1)
  A giant slug (Lair:1)
  4 giant frogs
  A water moccasin (D:8)
  A manticore zombie (D:6)
  An agate snail (Lair:1)
  5 wights (D:8)
  A quasit (D:8)
  3 crimson imps
  2 jellies (D:7)
  3 orc priests
  4 hounds
  A scorpion (D:8)
  8 worker ants
  3 orc wizards
  Jessica (D:3)
  A big kobold zombie (D:7)
  An ogre skeleton (D:6)
  3 gnolls (D:4)
  4 green rats (D:8)
  11 adders
  A giant mite (D:4)
  A goliath beetle zombie (D:8)
  4 worms
  2 iguana skeletons
  4 giant geckos
  An ooze (D:3)
  26 orcs
  A ball python (D:5)
  A bat skeleton (D:4)
  A bat zombie (D:8)
  7 hobgoblins
  17 jackals
  17 kobolds
  2 quokkas
  16 bats
  4 giant cockroaches
  7 giant newts
  6 goblins
  A goblin skeleton (D:5)
  A kobold skeleton (D:4)
  21 rats
  2 rat skeletons
  4 ballistomycetes (D:6)
227 creatures vanquished.

Vanquished Creatures (others)
  A human (D:8)
  A hound (D:7)
  A scorpion (D:7)
  A worker ant (D:7)
  An orc (D:7)
  A giant cockroach (D:7)
  A giant spore (D:6)
  A ballistomycete (D:6)
8 creatures vanquished.

Grand Total: 235 creatures vanquished

Notes
Turn   | Place    | Note
--------------------------------------------------------------
     0 | D:1      | Lilouch, the Deep Elf Fire Elementalist, began the quest for the Orb.
     0 | D:1      | Reached XP level 1. HP: 10/10 MP: 4/4
   665 | D:1      | Reached XP level 2. HP: 7/15 MP: 4/6
  1286 | D:2      | Reached XP level 3. HP: 12/19 MP: 1/9
  1503 | D:2      | Learned a level 3 spell: Conjure Flame
  1506 | D:2      | Learned a level 2 spell: Throw Flame
  1682 | D:2      | Noticed Sigmund
  1710 | D:3      | Reached skill level 4 in Fire Magic
  1896 | D:3      | Noticed Jessica
  1918 | D:3      | Killed Jessica
  1918 | D:3      | Reached XP level 4. HP: 11/24 MP: 3/12
  2477 | D:3      | Reached XP level 5. HP: 26/28 MP: 11/16
  2706 | D:3      | Found a deep blue altar of Sif Muna.
  2950 | D:2      | Killed Sigmund
  3156 | D:4      | Learned a level 4 spell: Sticky Flame
  3178 | D:4      | Reached XP level 6. HP: 30/32 MP: 11/19
  3315 | D:4      | Found a blossoming altar of Fedhas.
  3326 | D:4      | Reached skill level 1 in Armour
  3452 | D:4      | Found Dibra Qou's Armour Emporium.
  3461 | D:4      | Bought a +0 pair of elven gauntlets for 19 gold pieces
  3461 | D:4      | Bought a +0 pair of orcish boots for 17 gold pieces
  3964 | D:5      | Entered Level 5 of the Dungeon
  3964 | D:5      | Found a radiant altar of Vehumet.
  4104 | D:5      | Found a staircase to the Ecumenical Temple.
  4115 | Temple   | Entered the Ecumenical Temple
  4132 | Temple   | Became a worshipper of Kikubaaqudgha
  4268 | D:5      | Reached skill level 5 in Spellcasting
  4268 | D:5      | Reached XP level 7. HP: 27/36 MP: 5/21
  4275 | D:5      | Learned a level 5 spell: Fireball
  4341 | D:5      | Noticed LostMyPasswordAgain's ghost (experienced DEWz)
  4351 | D:5      | Killed LostMyPasswordAgain's ghost
  5026 | D:6      | Reached skill level 5 in Armour
  5029 | D:6      | Reached XP level 8. HP: 28/41 MP: 2/23
  5078 | D:6      | Acquired Kikubaaqudgha's first power
  5078 | D:6      | Received a gift from Kikubaaqudgha
  5081 | D:6      | Identified Kikubaaqudgha's Grimoire of Sinister Rituals (Kikubaaqudgha gifted it to you on level 6 of the Dungeon)
  5328 | D:6      | Reached skill level 6 in Armour
  5753 | D:6      | Reached skill level 7 in Armour
  6098 | D:7      | Noticed Pikel
  6102 | D:7      | Killed Pikel
  6102 | D:7      | Reached skill level 8 in Armour
  6102 | D:7      | Reached XP level 9. HP: 45/45 MP: 9/25
  6798 | D:7      | Got a pair of bloodstained boots
  6802 | D:7      | Identified the cursed -3 pair of boots of Foaqeline {rF+ Dex+1} (You found it on level 7 of the Dungeon)
  6950 | D:8      | Reached skill level 9 in Armour
  7329 | D:8      | Noticed Zapata's ghost (experienced KoBe)
  7804 | D:8      | Reached skill level 5 in Fire Magic
  7815 | D:8      | Reached skill level 5 in Conjurations
  7871 | D:8      | Found a staircase to the Orcish Mines.
  7876 | D:8      | Acquired Kikubaaqudgha's second power
  8088 | D:8      | Found a staircase to the Lair.
  8120 | Lair:1   | Entered Level 1 of the Lair of Beasts
  8246 | Lair:1   | Learned a level 3 spell: Vampiric Draining
  8473 | Lair:1   | Got a dazzling scale mail
  8648 | Lair:1   | Reached XP level 10. HP: 44/50 MP: 2/27
  9191 | Lair:1   | Identified the +0 scale mail of Restlessness {Str-5 Dex+1} (You found it on level 1 of the Lair of Beasts)
  9191 | Lair:1   | Lost strength.
  9745 | D:8      | Found an ancient bone altar of Kikubaaqudgha.
 10745 | D:8      | Killed Zapata's ghost
 12793 | Lair:2   | Noticed a seven-headed hydra
 12803 | Lair:2   | Slain by a seven-headed hydra

Action                   |  1- 3 |  4- 6 |  7- 9 | 10-12 || total
-------------------------+-------+-------+-------+-------++-------
Melee: Spear             |       |       |   109 |       ||   109
       Sling             |       |       |     7 |     6 ||    13
 Fire: Sling             |    55 |    69 |    61 |     2 ||   187
       Blowgun           |     8 |    19 |    18 |       ||    45
Throw: Stone             |       |     1 |     1 |       ||     2
 Cast: Flame Tongue      |    44 |    70 |   193 |    63 ||   370
       Conjure Flame     |     3 |     8 |    36 |    14 ||    61
       Throw Flame       |       |    32 |    44 |    19 ||    95
       Sticky Flame      |       |     3 |    10 |     9 ||    22
       Fireball          |       |       |     6 |       ||     6
       Vampiric Draining |       |       |     3 |     6 ||     9
Evoke: Wand              |       |       |     6 |     2 ||     8
  Use: Potion            |     3 |       |       |     1 ||     4
       Scroll            |       |     5 |     4 |     1 ||    10
